 Dungeon Crawl Stone Soup version 0.21.1-1-g345015f (webtiles) character file.

101 Falco the Gusty (level 4, -2/37 HPs)
             Began as a Naga Air Elementalist on May 5, 2018.
             Was an Initiate of Trog.
             Killed by divine providence
             ... invoked by an orc priest
              (12 damage)
             ... on level 3 of the Dungeon.
             The game lasted 00:19:16 (1792 turns).

Falco the Gusty (Naga Air Elementalist)             Turns: 1792, Time: 00:19:16

Health: -2/37      AC:  3    Str: 11    XL:     4   Next: 75%
Magic:  7/7        EV: 16    Int: 15    God:    Trog [......]
Gold:   97         SH:  0    Dex: 17    Spells: 7/8 levels left

rFire    . . .     SeeInvis +   b - +2 hunting sling
rCold    . . .     Gourm    .   (no shield)
rNeg     . . .     Faith    .   d - +0 robe
rPois    +         Spirit   .   (no helmet)
rElec    .         Reflect  .   (no cloak)
rCorr    .         Harm     .   w - +0 pair of gloves
MR       .....                  (no barding)
Stlth    ++++......             (no amulet)
HPRegen  0.12/turn              (no ring)
MPRegen  0.10/turn              (no ring)

@: agile, short of breath, very slow
A: large, see invisible, deformed body, poison resistance, slowness 2, slow
metabolism 1, spit poison 1, AC +1
a: Spit Poison, Burn Spellbooks, Renounce Religion


You were on level 3 of the Dungeon.
You worshipped Trog.
Trog was noncommittal.
You were not hungry.

You visited 1 branch of the dungeon, and saw 3 of its levels.

You collected 97 gold pieces.

Inventory:

Hand Weapons
 a - a +0 club
 b - a +2 hunting sling (weapon)
 i - a +0 dagger
 j - a +0 short sword
 k - a +0 dagger
 m - a +0 hand axe
 q - a +0 short sword
 u - a +0 spear
Missiles
 l - 3 tomahawks
 n - 9 sling bullets (quivered)
 s - 14 arrows
 x - 16 stones
Armour
 d - a +0 robe (worn)
 w - a +0 pair of gloves (worn)
Jewellery
 g - a cursed ring of loudness {unknown}
 h - an uncursed amulet of harm {unknown}
 p - an uncursed amulet of regeneration {unknown}
Scrolls
 r - 2 scrolls of remove curse
Potions
 t - a potion of brilliance
 v - a potion of cancellation {unknown}
 z - a potion of curing {unknown}
Books
 o - a book of Air

   Spells                             Type                      Level
   a - Shock                          Conjuration/Air              1
   b - Swiftness                      Charms/Air                   2
   c - Static Discharge               Conjuration/Air              3
   d - Airstrike                      Air                          4
   e - Lightning Bolt                 Conjuration/Air              5
   Trog disapproves of the use of such an item.
Comestibles
 c - 2 rations


   Skills:
 + Level 0.6 Fighting
 * Level 1.7 Slings
 + Level 2.2 Dodging
 + Level 3.3 Stealth
 - Level 2.5 Spellcasting
 - Level 1.1 Conjurations
 - Level 3.5 Air Magic


You had 7 spell levels left.
You knew the following spells:

 Your Spells              Type           Power        Failure   Level  Hunger
a - Shock                 Conj/Air       #...         9%          1    #......


Dungeon Overview and Level Annotations

Branches:
Dungeon (3/15)

Altars:
Fedhas
Gozag
Kikubaaqudgha
Nemelex Xobeh
Ru
Sif Muna
Trog
Uskayaw
Vehumet
Xom
Yredelemnul
Zin


Innate Abilities, Weirdness & Mutations

You cannot wear boots.
Your serpentine skin is tough. (AC +1)
You have supernaturally acute eyesight. (SInv)
Armour fits poorly on your strangely shaped body.
Your system is resistant to poisons. (rPois)
You cover ground very slowly.
You have a slow metabolism.
You can spit poison.


Message History

The sling bullet closely misses the jackal.
You have got your breath back.
The jackal bites you but does no damage.
Press: ? - help, Shift-Dir - straight line, f - orc wizard, p - jackal
Aim: an orc wizard, wielding a dagger and wearing a robe (severely wounded)
The splash of poison misses the jackal.
The splash of poison hits the jackal.
The jackal is poisoned.
You kill the jackal!
Trog accepts your kill.
You feel slightly more hungry. The jackal barely misses you.
The orc priest invokes the aid of Beogh against you.
Beogh smites you!
* * * LOW HITPOINT WARNING * * *
The jackal bites you but does no damage.
Okay, then.
It was a potion of agility.
You feel agile all of a sudden.
The orc priest invokes the aid of Beogh against you.
Beogh smites you!
You die...

#.# #####.#
.....# #
#.#..#
#..#.#..###
#.........#
##.###.##.#
#.###.##.#
#hoh@.##.#
......o#####.#
....>.( #.###
....... #...#
.=...(o ###.#
.....o. #.#
....†h. #.#
....... #.#
..#


You could see an orc priest, an orc wizard and 2 jackals.

Vanquished Creatures
  2 adders (D:2)
  An ooze (D:1)
  3 worms (D:2)
  4 dart slugs (D:1)
  2 leopard geckos (D:2)
  An orc (D:3)
  2 ball pythons
  A giant cockroach (D:2)
  7 goblins
  5 hobgoblins
  2 jackals (D:3)
  7 kobolds
  A quokka (D:3)
  9 bats
  6 frilled lizards
  5 rats
58 creatures vanquished.

Notes
Turn   | Place    | Note
-------+----------+-------------------------------------------
     0 | D:1      | Falco the Naga Air Elementalist began the quest for the Orb.
     0 | D:1      | Reached XP level 1. HP: 15/15 MP: 3/3
    77 | D:1      | Reached XP level 2. HP: 16/22 MP: 1/5
   397 | D:1      | Reached XP level 3. HP: 28/28 MP: 6/6
   910 | D:2      | Reached XP level 4. HP: 37/37 MP: 7/7
  1067 | D:2      | Reached skill level 1 in Slings
  1588 | D:2      | Found an ancient bone altar of Kikubaaqudgha.
  1592 | D:2      | Found a glowing silver altar of Zin.
  1593 | D:2      | Found a hide-covered altar of Uskayaw.
  1594 | D:2      | Found a sparkling altar of Nemelex Xobeh.
  1594 | D:2      | Found a radiant altar of Vehumet.
  1594 | D:2      | Found a shimmering altar of Xom.
  1594 | D:2      | Found a basalt altar of Yredelemnul.
  1594 | D:2      | Found a sacrificial altar of Ru.
  1600 | D:2      | Found a bloodstained altar of Trog.
  1601 | D:2      | Found an opulent altar of Gozag.
  1602 | D:2      | Found a deep blue altar of Sif Muna.
  1607 | D:2      | Found a blossoming altar of Fedhas.
  1702 | D:2      | Became a worshipper of Trog the Wrathful
  1792 | D:3      | Killed from afar by an orc priest

Skill      XL: |  1  2  3  4 |
---------------+-------------+-----
Dodging        | 2 |  2.2
Slings         | 1 |  1.7
Fighting       | |  0.6
Stealth        | |  3.3
Spellcasting   | |  2.5
Conjurations   | |  1.1
Air Magic      | |  3.5

Action                   |  1- 3 |  4- 6 || total
-------------------------+-------+-------++-------
Melee: Unarmed           |     5 |       ||     5
       Club              |    20 |    25 ||    45
 Fire: Hunting sling     |    31 |    54 ||    85
 Cast: Shock             |    21 |     2 ||    23
 Abil: Spit Poison       |    10 |     8 ||    18
  Use: Scroll            |       |     5 ||     5
       Potion            |       |     2 ||     2
  Eat: Ration            |     1 |       ||     1
Armor: Robe              |     4 |    16 ||    20
Dodge: Dodged            |    16 |    17 ||    33
